 Dungeon Crawl Stone Soup version 0.31.0-11-ge490571c62 (console) character file.

Game seed: 6675337956266778758

17369 Banquo the Fighter (level 12, -1/92 HPs)
             Began as a Djinni Air Elementalist on Feb 6, 2024.
             Was a Believer of Makhleb.
             Slain by a spectral black mamba (9 damage)
             ... called from beyond by a ghost crab
             ... on level 2 of the Lair of Beasts.
             The game lasted 00:54:00 (15422 turns).

Banquo the Fighter (Djinni Air Elementalist)       Turns: 15422, Time: 00:54:01

Health: -1/92      AC:  9    Str:  7    XL:     12   Next: 81%
Gold:   803        EV: 14    Int: 29    God:    Makhleb [**....] SH:  0 Dex: 13

rFire   + + .        b - +7 mace {freeze, rElec}
rCold   x . .        (no shield)
rNeg    + . .        d - +1 troll leather armour {Pargi}
rPois   ∞            h - +0 helmet
rElec   +            e - +0 cloak
rCorr   .            g - +0 pair of gloves
SInv    .            (boots unavailable)
Will    ++...        (no amulet)
Stlth   ++           I - +6 ring of intelligence
HPRegen 1.15/turn    w - ring "Akhull" {rN+ Will+}
MPRegen 0.00/turn

%: infuse magic (-2 HP)
@: swift, flying, very quick
A: sickness immunity, fire resistance 2, cold vulnerability 1, float, innate
caster, HP casting, extra vitality 1
a: Renounce Religion, Minor Destruction


You were on level 2 of the Lair of Beasts.
You worshipped Makhleb.
Makhleb was pleased with you.
You visited 3 branches of the dungeon, and saw 12 of its levels.
You also visited: Sewer and Bailey.

You collected 995 gold pieces.
You spent 192 gold pieces at shops.

Inventory:

Hand Weapons
 a - the +2 dagger "Ogre's Foe" {protect, rN+ Int+3}
   (You found it on level 3 of the Dungeon)

   Int+3:     It affects your intelligence (+3).
   rN+:       It protects you from negative energy.
 b - the +7 mace of the Crushed Mouths (weapon) {freeze, rElec}
   (You bought it in a shop on level 1 of the Dungeon)

   rElec:     It insulates you from electricity.
 f - a +2 spear of flaming
 j - a +4 short sword
 B - a +3 dagger of venom
 J - a +4 spear
 M - a +3 hand axe
Missiles
 o - 109 stones
Armour
 d - a +1 troll leather armour (worn) {Pargi}
 e - a +0 cloak (worn)
 g - a +0 pair of gloves (worn)
 h - a +0 helmet (worn)
 O - the +0 robe "Wiesoscha" {+Inv rElec SInv}
   (You took it off a gnoll in a bailey)

   rElec:     It insulates you from electricity.
   SInv:      It lets you see invisible.
   +Inv:      It lets you turn invisible.
Magical Staves
 s - a staff of fire
 N - a staff of cold
Jewellery
 k - a +6 ring of strength
 w - a ring "Akhull" (right hand) {rN+ Will+}
   (You found it on level 2 of the Dungeon)

   [ring of willpower]

   rN+:       It protects you from negative energy.
   Will+:     It increases your willpower.
 A - a +4 ring of protection
 I - a +6 ring of intelligence (left hand)
Wands
 v - a wand of roots (3)
 z - a wand of polymorph (3)
 F - a wand of mindburst (30)
 G - a wand of flame (45)
 T - a wand of paralysis (9)
Scrolls
 m - 2 scrolls of revelation
 q - 12 scrolls of teleportation {unknown}
 r - 3 scrolls of identify
 u - a scroll of enchant weapon
 x - a scroll of blinking
 y - 2 scrolls of fog
 H - a scroll of noise
 L - a scroll of poison
 R - a scroll of acquirement
Potions
 c - 2 potions of heal wounds
 i - 4 potions of invisibility
 l - a potion of ambrosia
 n - 3 potions of might
 p - 2 potions of curing
 t - a potion of mutation
 C - a potion of haste
 D - a potion of cancellation
 E - 7 potions of enlightenment
 K - 3 potions of brilliance
 U - 2 potions of berserk rage


   Skills:
 * Level 10.3 Fighting
 - Level 8.0 Armour
 - Level 8.0 Dodging
 - Level 1.5 Stealth
 * Level 10.0 Spellcasting
 * Level 10.0 Conjurations
 * Level 10.0 Hexes
 * Level 10.0 Summonings
 * Level 10.0 Necromancy
 * Level 10.0 Translocations
 * Level 10.0 Fire Magic
 * Level 10.0 Ice Magic
 * Level 10.0 Air Magic
 * Level 10.0 Earth Magic
 * Level 10.0 Alchemy
 * Level 6.6 Invocations


You knew the following spells:

 Your Spells              Type           Power      Damage    Failure   Level
a - Shock                 Conj/Air       100%       1d9       1%          1
b - Inner Flame           Hex/Fire       64%        N/A       1%          3
d - Static Discharge      Conj/Air       100%       3-8/arc   1%          2
e - Kiss of Death         Conj/Necr      100%       2d13      1%          1
m - Iskenderun's Mystic   Conj/Tloc      64%        2d13      1%          4
w - Flame Wave            Conj/Fire      64%        2d15      1%          4
z - Airstrike             Air            32%        2d(5-21)  1%          4
B - Blink                 Tloc           100%       N/A       1%          2
M - Swiftness             Air            64%        N/A       1%          3
Your spell library was empty.

Dungeon Overview and Level Annotations

Branches:
Dungeon (9/15)             Temple (1/1) D:4            Lair (2/5) D:8
  Sewer (visited)          Bailey (visited)
  Swamp: Lair:2-3    Shoals: Lair:2-3     Snake: Lair:2-3    Spider: Lair:2-3
    Orc: D:9-12

Altars:
Ashenzari
Cheibriados
Elyvilon
Fedhas
Gozag
Hepliaklqana
Makhleb
Nemelex Xobeh
Okawaru
Qazlal
Ru
Trog
Uskayaw
Wu Jian
Xom
Yredelemnul
Zin
The Shining One

Shops:
D:1 (   D:4 :


Innate Abilities, Weirdness & Mutations

You are immune to sickness and miasma.
You are immune to poison.
Your flesh is very heat resistant. (rF++)
You are vulnerable to cold. (rC-)
You float through the air rather than walking.
You learn spells naturally, not from books.
Your magical power is your life essence.
You have superior vitality. (+4 MHP)


Message History

The spectral skyshark attacks as it pursues you!
The spectral skyshark closely misses you.
The spectral skyshark tail-slaps you.
The spectral skyshark tail-slaps you but does no damage.
The spectral cane toad misses you.
Press: ? - help, v - describe, . - travel
Here: a spectral skyshark (spectral mist, summoned)
The floor.
Unknown command.
Unknown command.
Casting: Airstrike (mildly dangerous; 1% risk of failure)
Confirm with . or Enter, or press ? or * to list all spells.
You feel quick.
The spectral komodo dragon fades away!
The ghost crab breathes spectral mist at you.
The spectral mist engulfs the spectral cane toad.
The spectral cane toad hits you!
* * * LOW HITPOINT WARNING * * *
The spectral skyshark barely misses you. x2
The spectral skyshark tail-slaps you but does no damage.
You are engulfed in spectral mist.
* * * LOW HITPOINT WARNING * * *
The spectral cane toad attacks as it pursues you!
The spectral cane toad hits you!
* * * LOW HITPOINT WARNING * * *
The spectral skyshark attacks as it pursues you!
The spectral skyshark bites you.
* * * LOW HITPOINT WARNING * * *
The spectral skyshark tail-slaps you.
* * * LOW HITPOINT WARNING * * *
The spectral skyshark tail-slaps you.
* * * LOW HITPOINT WARNING * * *
There is an escape hatch in the floor here.
You feel much better.
The spectral catoblepas fades away!
The spectral skyshark fades away!
The ghost crab breathes spectral mist at you.
The spectral mist engulfs the spectral black mamba.
The spectral cane toad hits you!
* * * LOW HITPOINT WARNING * * *
The spectral black mamba bites you!
You die...

### #....# ##.
#####.### ##....## #.
#.......# #......###<
##.......# #.....###..
#........# #.....###..
###......####.....###.
#.......###....## #.
#......P##.....# #.
##..@..☼####....# #.
#...ZZ☼.####....# ##
##.§☼§§...#.....#
#○°☼°○.........#
#○°Z☼°.....##.##
#§.○°☼.....####
#...Z§.....##
#.°Z.t......#
#....°.....##


You could see a ghost crab, a spectral water moccasin (summoned), a spectral
black mamba (summoned), 2 spectral cane toads and a spectral rime drake
(summoned).

Vanquished Creatures
  An orc warlord (Bailey)
  A hydra (Lair:2)
  A ghost crab (Lair:2)
  A spectral hydra (Lair:2)
  A lindwurm (Lair:2)
  An orc knight (Bailey)
  An oklob plant (Lair:1)
  3 elephants
  5 cane toads
  A rime drake (Lair:2)
  3 komodo dragons
  2 kobold demonologists (D:7)
  A polar bear (Lair:2)
  A dream sheep (Lair:2)
  9 blink frogs
  Sigmund (D:2)
  A wyvern (D:7)
  2 vampires (D:7)
  A wraith (D:6)
  4 basilisks
  A spectral komodo dragon (Lair:2)
  5 yaks (Lair:2)
  Edmund (D:5)
  Pargi (D:3)
  7 water moccasins
  7 orc warriors (Bailey)
  A sky beast (D:7)
  2 black bears
  An ogre (D:5)
  2 centaurs (D:9)
  A phantom (D:4)
  Blork the orc (D:4)
  3 spectral basilisks (Lair:2)
  A kobold brigand (D:8)
  A brain worm (Sewer)
  12 bullfrogs
  2 spectral water moccasins (Lair:2)
  A gnoll sergeant (D:9)
  4 scorpions
  6 wights
  6 killer bees (D:9)
  3 howler monkeys (D:8)
  The ghost of zenocrate the Sneak, a weakling KoDe (D:3)
  3 hounds
  5 orc priests
  A sleepcap (D:5)
  6 iguanas
  5 orc wizards
  Ijyb (D:5)
  11 gnolls
  12 adders
  A river rat (Sewer)
  3 shadow imps
  2 white imps (D:8)
  3 dart slugs
  3 ribbon worms
  32 orcs
  13 bats
  6 endoplasms
  12 giant cockroaches
  23 hobgoblins
  11 jackals
  8 quokkas
  13 ball pythons
  5 frilled lizards
  20 goblins
  12 kobolds
  3 rats
325 creatures vanquished.

Notes
Turn   | Place    | Note
-------+----------+-------------------------------------------
     0 | D:1      | Banquo the Djinni Air Elementalist began the quest for the
                  | Orb.
     0 | D:1      | Banquo set off with the following spells memorised: Shock,
                  | Static Discharge, Swiftness, Airstrike.
     0 | D:1      | Reached XP level 1. HP: 15/15 MP: 0/0
    54 | D:1      | Reached XP level 2. HP: 16/22 MP: 0/0
    65 | D:1      | Reached skill level 1 in Fighting
   721 | D:1      | Reached XP level 3. HP: 26/27 MP: 0/0
   721 | D:1      | Learned a level 1 spell: Kiss of Death
   767 | D:1      | Found Satseiv's Antique Weapon Boutique.
  1091 | D:2      | Identified a ring "Akhull" {rN+ Will+}
  1219 | D:2      | Reached XP level 4. HP: 32/33 MP: 0/0
  1332 | D:2      | Found a faded altar of an unknown god.
  1604 | D:2      | Noticed Sigmund
  2166 | D:3      | Found a runed translucent gate.
  2166 | D:3      | Found a runed translucent gate.
  2166 | D:3      | Found a runed translucent gate.
  2168 | D:3      | Noticed zenocrate's ghost (weakling KoDe)
  2264 | D:3      | Identified the +2 dagger "Ogre's Foe" {protect, rN+ Int+3}
  2307 | D:3      | Reached XP level 5. HP: 34/39 MP: 0/0
  2307 | D:3      | Learned a level 2 spell: Blink
  2529 | D:3      | Noticed Pargi
  2581 | D:3      | Killed Pargi
  2582 | D:3      | Reached XP level 6. HP: 33/46 MP: 0/0
  3584 | D:4      | Noticed Blork the orc
  3587 | D:4      | Killed Blork the orc
  3588 | D:4      | Reached skill level 1 in Armour
  3659 | D:4      | Reached XP level 7. HP: 51/51 MP: 0/0
  3659 | D:4      | Learned a level 3 spell: Inner Flame
  3792 | D:4      | Found a broken altar of Ashenzari.
  3821 | D:4      | Found Hiseumpo's Self-Published Books.
  4180 | D:4      | Found a staircase to the Ecumenical Temple.
  4220 | Temple   | Entered the Ecumenical Temple
  4581 | D:2      | Killed Sigmund
  4582 | D:2      | Reached skill level 5 in Spellcasting
  4582 | D:2      | Reached skill level 5 in Conjurations
  4582 | D:2      | Reached skill level 5 in Hexes
  4582 | D:2      | Reached skill level 5 in Summonings
  4582 | D:2      | Reached skill level 5 in Necromancy
  4582 | D:2      | Reached skill level 5 in Translocations
  4582 | D:2      | Reached skill level 5 in Fire Magic
  4582 | D:2      | Reached skill level 5 in Ice Magic
  4582 | D:2      | Reached skill level 5 in Air Magic
  4582 | D:2      | Reached skill level 5 in Earth Magic
  4582 | D:2      | Reached skill level 5 in Alchemy
  4692 | D:3      | Killed zenocrate's ghost
  4693 | D:3      | Reached XP level 8. HP: 45/58 MP: 0/0
  4814 | D:5      | Entered Level 5 of the Dungeon
  4964 | D:5      | Found a glowing drain.
  4988 | Sewer    | Entered a sewer
  5057 | Sewer    | Reached skill level 5 in Fighting
  5637 | D:5      | Noticed Edmund
  5675 | D:5      | Killed Edmund
  5771 | D:5      | Found a shimmering altar of Xom.
  6209 | D:5      | Noticed Ijyb
  6423 | D:5      | Killed Ijyb
  6545 | D:5      | Reached skill level 5 in Dodging
  6806 | D:6      | Reached XP level 9. HP: 55/65 MP: 0/0
  6806 | D:6      | Learned a level 4 spell: Flame Wave
  7068 | D:6      | Found a hide-covered altar of Uskayaw.
  7445 | D:6      | Found an opulent altar of Gozag.
  7455 | D:6      | Found an ornate altar of the Wu Jian Council.
  7882 | D:6      | Found an opulent altar of Gozag.
  7885 | D:6      | Found an ornate altar of the Wu Jian Council.
  7914 | D:6      | Found a hide-covered altar of Uskayaw.
  8485 | D:7      | Found a flagged portal.
  8502 | Bailey   | Entered a bailey
  8648 | Bailey   | Noticed an orc knight
  8654 | Bailey   | Killed an orc knight
  8655 | Bailey   | Reached skill level 5 in Armour
  9217 | Bailey   | Reached XP level 10. HP: 67/73 MP: 0/0
  9401 | Bailey   | Identified the +0 robe "Wiesoscha" {+Inv rElec SInv}
  9585 | Bailey   | Noticed an orc warlord
  9757 | Bailey   | Killed an orc warlord
 10114 | D:7      | Found a white marble altar of Elyvilon.
 10248 | D:7      | Noticed a kobold demonologist
 10276 | D:7      | Killed a kobold demonologist
 10914 | D:7      | Noticed a kobold demonologist
 10919 | D:7      | Killed a kobold demonologist
 11274 | D:1      | Bought an ebony mace for 192 gold pieces
 11274 | D:1      | Identified the +7 mace of the Crushed Mouths {freeze,
                  | rElec} (You bought it in a shop on level 1 of the Dungeon)
 11493 | D:8      | Found a burning altar of Makhleb.
 11501 | D:8      | Became a worshipper of Makhleb the Destroyer
 11574 | D:8      | Reached XP level 11. HP: 73/81 MP: 0/0
 11574 | D:8      | Learned a level 4 spell: Iskenderun's Mystic Blast
 11672 | D:8      | Found a staircase to the Lair.
 11863 | D:8      | Found a hazy altar of Hepliaklqana.
 11867 | D:8      | Found a snail-covered altar of Cheibriados.
 12587 | D:9      | Reached skill level 1 in Invocations
 13523 | Lair:1   | Entered Level 1 of the Lair of Beasts
 13530 | Lair:1   | Reached * piety under Makhleb
 13633 | Lair:1   | Noticed an oklob plant
 13636 | Lair:1   | Killed an oklob plant
 14262 | Lair:2   | Noticed an elephant
 14264 | Lair:2   | Noticed an elephant
 14265 | Lair:2   | Noticed an elephant
 14272 | Lair:1   | Killed an elephant
 14468 | Lair:2   | Reached XP level 12. HP: 86/89 MP: 0/0
 14618 | Lair:2   | Reached ** piety under Makhleb
 14780 | Lair:2   | Reached skill level 5 in Invocations
 14903 | Lair:2   | Noticed a four-headed hydra
 14917 | Lair:2   | Killed a four-headed hydra
 15043 | Lair:2   | Reached skill level 10 in Fighting
 15367 | Lair:2   | Reached skill level 10 in Spellcasting
 15367 | Lair:2   | Reached skill level 10 in Conjurations
 15367 | Lair:2   | Reached skill level 10 in Hexes
 15367 | Lair:2   | Reached skill level 10 in Summonings
 15367 | Lair:2   | Reached skill level 10 in Necromancy
 15367 | Lair:2   | Reached skill level 10 in Translocations
 15367 | Lair:2   | Reached skill level 10 in Fire Magic
 15367 | Lair:2   | Reached skill level 10 in Ice Magic
 15367 | Lair:2   | Reached skill level 10 in Air Magic
 15367 | Lair:2   | Reached skill level 10 in Earth Magic
 15367 | Lair:2   | Reached skill level 10 in Alchemy
 15390 | Lair:2   | Noticed a ghost crab
 15390 | Lair:2   | Noticed a ghost crab
 15407 | Lair:2   | Killed a ghost crab
 15420 | Lair:2   | HP: 3/92 [spectral skyshark[a ghost crab] (6)]
 15422 | Lair:2   | Slain by a spectral black mamba

Illustrated notes

Levels and vault maps discovered:
D:1:      tarquinn_simple_flora_water_d, layout_basic, serial_shops,
          shop_fountains, minmay_small_reverse_x
D:2:      layout_loops_ring, chequers_ecumenical_altar_island,
          kennysheep_another_room, grunt_ministairs_15, uniq_sigmund
D:3:      layout_basic, gammafunk_ghost_split, minivault_27,
          kennysheep_orc_chapel, uniq_pargi
D:4:      nicolae_BIG_FREAKIN_CUBE, layout_basic, cheibrodos_ashenzari_chains,
          minmay_temple_entry_drinking_statues, nicolae_custom_books,
          uniq_blork_the_orc
D:5:      layout_basic, xom_butterflies, mainiacjoe_overflow_boulevard,
          portal_sewer_entry_f, uniq_edmund, uniq_ijyb
D:6:      layout_basic, jmf_multi_god_temple2, mainiacjoe_overflow_chevrons
D:7:      layout_rooms, nicolae_elyvilon_temple_path, serial_library,
          serial_library_regret_index_small_wings,
          serial_library_hellmonk_filled_rooms,
          serial_library_regret_index_split_case,
          serial_library_hellmonk_angled_corner,
          serial_library_hellmonk_layered_room,
          serial_library_hellmonk_reading_circle,
          serial_library_hellmonk_semicircle,
          serial_library_hellmonk_open_square, serial_library_hellmonk_room_b,
          serial_library_hellmonk_octagon, enter_bailey_3
D:8:      layout_loops_ring, lightli_temple_of_fire, grunt_temple_overflow_open,
          lair_entry_dummy
D:9:      layout_loops_corners, mainiacjoe_overflow_six_doors_small
Temple:   nicolae_temple_ecumenical_triangle
Lair:1:   layout_chaotic_city, serial_bayou_shore_b, lemuel_fruit_tree
Lair:2:   layout_cellular_growth, nicolae_swamp_entry_spooky,
          minmay_shattered_shrine

Skill      XL: |  1  2  3  4  5  6  7  8  9 10 11 12 |
---------------+-------------------------------------+-----
Fighting       | 1 2 3 4 5 6 7 9 10 | 10.3
Spellcasting   | 4 5 6 7 9 10 | 10.0
Conjurations   | 4 5 6 7 9 10 | 10.0
Hexes          | 4 5 6 7 9 10 | 10.0
Summonings     | 4 5 6 7 9 10 | 10.0
Necromancy     | 4 5 6 7 9 10 | 10.0
Translocations | 4 5 6 7 9 10 | 10.0
Fire Magic     | 4 5 6 7 9 10 | 10.0
Ice Magic      | 4 5 6 7 9 10 | 10.0
Air Magic      | 4 5 6 7 9 10 | 10.0
Earth Magic    | 4 5 6 7 9 10 | 10.0
Alchemy        | 4 5 6 7 9 10 | 10.0
Armour         | 1 2 3 5 6 8 |  8.0
Dodging        | 3 5 6 7 8 |  8.0
Invocations    | 4 6 |  6.6
Stealth        | |  1.5

Action                     |  1- 3 |  4- 6 |  7- 9 | 10-12 || total
---------------------------+-------+-------+-------+-------++-------
   Cast: Shock             |    59 |    80 |    52 |       ||   191
         Airstrike         |       |     6 |   150 |   274 ||   430
         Swiftness         |       |       |     1 |     1 ||     2
         Static Discharge  |       |       |     3 |       ||     3
         Flame Wave        |       |       |     1 |       ||     1
         Iskenderun's Myst |       |       |       |     7 ||     7
  Evoke: Wand              |       |       |     1 |     2 ||     3
    Use: Scroll            |       |       |     7 |    15 ||    22
         Potion            |       |       |       |     1 ||     1
 Armour: Robe              |     7 |     1 |       |       ||     8
         Troll leather arm |       |     4 |    14 |    34 ||    52
  Dodge: Dodged            |     4 |     4 |    14 |    20 ||    42
